[Event "EU-ch 12th"]
[Site "Aix les Bains"]
[Date "2011.03.26"]
[Round "5"]
[White "Levin, Evgeny A"]
[Black "Lenic, Luka"]
[Result "1/2-1/2"]
[ECO "E41"]
[WhiteElo "2472"]
[BlackElo "2623"]
[Annotator "Marchand,A/Primel,D"]
[PlyCount "53"]
[EventDate "2011.03.22"]
[EventType "swiss"]
[EventRounds "11"]
[EventCountry "FRA"]
[SourceTitle "CBM 142 Extra"]
[Source "ChessBase"]
[SourceDate "2011.06.27"]
[SourceVersion "1"]
[SourceVersionDate "2011.06.27"]
[SourceQuality "1"]
[TimeControl "40/5400+30:1800+30"]

1. d4 Nf6 2. c4 e6 3. Nc3 Bb4 4. e3 c5 (4... Ne4 $5 5. Qc2 Nxc3 6. bxc3 Ba5 7.
Ba3 (7. Bd3 d6 8. Nf3 Nd7 9. O-O h6 10. Nd2 c5 11. f4 O-O 12. Nb3 (12. f5)
12... Bc7) 7... d6 8. Nf3 (8. e4 c5 9. dxc5 dxc5 10. Bxc5 Qc7 11. Ba3 Nd7 12.
Nf3 Nc5 $44) 8... Nd7 9. Rd1 Qe7 10. Bd3 c5 11. O-O Bc7 12. Nd2 h6 13. f4 O-O
14. Rf3 b6 15. Rdf1 Bb7 $11 {Aleksandrov,A (2653)-Popov,V (2592) Moscow
Aeroflot op-A 2006 (3) 0-1}) (4... d5 5. cxd5 exd5 6. Bd3 O-O 7. Nge2 Re8 8.
Bd2 Bf8 9. O-O a5 10. Rc1 Na6 11. f3 Nb4 12. Bb1 c5 13. g4 {Rakhmanov,A (2570)
-Zakhartsov,V (2586) Voronezh op-A 14th 2010 (4) 1/2}) (4... Nc6 5. Bd3 (5. Nf3
) 5... e5 6. Nge2 d5 (6... exd4) 7. cxd5 Nxd5 8. O-O exd4 9. Nxd4) (4... O-O 5.
Bd3 c5 6. Nf3 Nc6 7. O-O Bxc3 (7... d5) 8. bxc3 d6 9. e4 e5 10. d5 Ne7 11. Nh4
h6 (11... Kh8 12. g3 {[%cal Gf2f4];Gelfand,B (2738)-Grischuk,A (2763) Wch
Rapid Astana 2012 (10) 1/2})) 5. Bd3 Nc6 6. Nf3 O-O (6... Bxc3+ 7. bxc3 d6 8.
e4 e5 9. d5 Ne7 10. Nd2 (10. O-O Ng6 $1 {Anticipant Nh4 des Blancs} 11. Ne1 O-O
12. g3 Bh3 13. Ng2 Ne8 14. Re1 (14. Rb1 b6 (14... Qd7 $11) 15. Rb2 f5 (15...
Qd7)) 14... f5 $132 {Gligoric,S (2560)-Timman,J (2625) Bled/Portoroz 1979 0-1})
(10. Rb1 $5 Qc7 (10... h6 11. h4 Qc7 (11... O-O 12. Nh2 $6 {
Gligoric} Nh7 13. g4 Ng6 14. g5 Nxh4 $1 15. gxh6 g6 $15 {Gligoric,S (2510)
-Adorjan,A (2530) Sarajevo 1983 0-1})) (10... O-O 11. O-O h6 (11... Ng6 12. Bg5
h6 13. Bd2 Nh5 14. g3 b6 15. Ne1))) 10... Ng6 11. h4 h5 12. g3 Qa5
13. Qc2 Bd7 14. a4 O-O-O 15. Nf1 Rde8 16. Ra3 Ne7) 7. O-O Bxc3 8. bxc3 d6 9. e4
e5 10. d5 (10. h3 $5 h6 11. Be3 b6 12. d5 Ne7 13. Kh2 Nh7 14. Nd2 f5 (14... g5
15. Rg1 Ng6 16. g3 Qd7 17. Bf1 f5 18. exf5 Qxf5 19. Qb1 $14 {
Ibragimov}) 15. exf5 {Ibragimov,I (2515)-Browne,W (2530) Philadelphia opI 1992
(8) 1-0}) 10... Ne7 11. Nh4 (11. Nd2) 11... h6 {[%cal Ge7g6] La ligne
principale de cette variante Huebner continuant de jouer sur cases Noires} (
11... Ng6 $143 $6 12. Nf5 $14) 12. f3 (12. g3 Bh3 (12... g5 13. Ng2) 13. Ng2
Ng6) (12. f4 Ng6 $1 13. Nxg6 fxg6 14. fxe5 (14. f5 b5 $1 (14... gxf5 15. exf5)
(14... g5 $143 15. g4 Bd7 16. h4 $14) 15. cxb5 c4 16. Bc2 gxf5
17. exf5 Qb6+ 18. Kh1 Qxb5 $132) 14... dxe5 15. Be3 b6 16. Qf3 Qd6 (16... Ba6)
(16... Qe7 17. a4 a5 18. Rab1 Nd7) 17. Qg3 g5 18. h4 g4 19. h5 Bd7) ({RR} 12.
Qf3 Ng6 13. Nf5 Re8 ({RR} 13... Bxf5 14. exf5 e4 15. Bxe4 Ne5 16. Qe2 Qa5 17.
Bd2 Rfe8 18. Bc2 Qa6 19. Bb3 Nxd5 20. Bxh6 gxh6 21. f4 Nxc4 22. Qh5 Kg7 23. Rf3
Rh8 24. Re1 Kf8 25. Rg3 Re8 26. Rg8+ Rxg8 27. Qxh6+ Rg7 28. Qh8+ {Potkin,V 
(2653)-Zhigalko,S (2680)/Olginka 2011/Mega2011 Update 18/1/2-1/2 (31)}) 14. Bd2
Bxf5 15. Qxf5 Nf4 16. Bxf4 g6 17. Qh3 exf4 18. Qxh6 Nxe4 19. Qxf4) 12... Rb8
$146 ({RR} 12... Nh5 13. g3 Bh3 14. Rf2 Qd7 15. Qc2 g5 16. Nf5 Nxf5 17. exf5
Kg7 18. Be3 Kf6 19. Kh1 Rh8 20. Rg1 Rag8 21. g4 Nf4 22. Rg3 h5 23. Bxf4 exf4
24. Rxh3 h4 25. Re2 Re8 26. Re4 Re5 27. Qd1 {Grigorian,K-Muratov,V/Aktjubinsk
1970/EXT 2001/1-0 (61)}) 13. a4 b6 14. Ra2 (14. a5 $5) 14... a6 15. g3 Ne8 16.
Qc2 Bh3 17. Rf2 Bd7 18. Bd2 Nc7 {[%cal Gb6b5] Un plan original mais un peu
douteux} 19. Rf1 b5 20. axb5 axb5 21. cxb5 Nxb5 22. Bxb5 Bxb5 23. c4 $14 Bd7
24. Ba5 Qc8 25. g4 Qb7 (25... Ng6 $5) 26. Rfa1 Rfc8 27. Bd2
1/2-1/2

[Event "Rohde op 09th"]
[Site "Sautron"]
[Date "2009.10.27"]
[Round "5"]
[White "Van Dongen, Patrick"]
[Black "Lalic, Bogdan"]
[Result "1/2-1/2"]
[ECO "E41"]
[WhiteElo "2349"]
[BlackElo "2495"]
[Annotator "RR"]
[PlyCount "56"]
[EventDate "2009.10.24"]
[EventType "swiss"]
[EventRounds "9"]
[EventCountry "FRA"]
[SourceTitle "EXT 2010"]
[Source "ChessBase"]
[SourceDate "2010.11.25"]
[SourceVersion "1"]
[SourceVersionDate "2010.11.25"]
[SourceQuality "1"]
[TimeControl "6000"]
[WhiteClock "0:00:01"]
[BlackClock "0:00:19"]

1. d4 Nf6 2. c4 e6 3. Nc3 Bb4 4. e3 c5 5. Nf3 Nc6 6. Bd3 {01h36} Bxc3+ 7. bxc3
d6 8. e4 e5 {le système HUEBNER} 9. d5 Ne7 10. Nh4 {01h24} h6 11. f3 ({RR} 11.
f4 Ng6 12. Nxg6 fxg6) 11... Nh7 $5 $146 ({RR} 11... Ng6
12. Nf5 Nf4 13. Nxg7+ Kf8 14. Bxf4 exf4 15. Nf5 Bxf5 16. exf5 Nd7 17. O-O Ne5
18. Rf2 Rg8 19. a4 Qg5 20. Bf1 Qxf5 21. Qb1 Qxb1 22. Rxb1 b6 23. Rb5 Ke7 24.
Re2 Kf6 25. Kf2 Rge8 26. Ra2 {Van Scheltinga,T-Donner,J/Beverwijk 1960/MCL/1/
2-1/2 (54)}) ({RR} 11... Qa5 12. Qc2 g5 13. Nf5 Nxf5 14. exf5 Bd7 15. h4 g4 16.
fxg4 ({RR} 16. f4) 16... Nxg4 17. Be2 Rg8 18. Bxg4 Rxg4 19. Bxh6 Bxf5 20. Qxf5
Qxc3+ 21. Kf2 Qb2+ 22. Ke3 Rxg2 {0-1 Donner,J (2470)-Portisch,L (2640)/Skopje
1972/EXT 2000}) ({RR} 11... g5 12. Nf5 Nxf5 13. exf5 Nh5 ({RR} 13... Qa5) 14.
g3 Ng7 15. Qc2 Bd7 16. Kf2 Qf6 17. g4 O-O-O 18. Be3 Qe7 ({RR} 18... h5 19. Qd2)
19. h4 f6 20. Rh3 Rdf8 21. Rah1 Rhg8 ({RR} 21... Qd8) 22. hxg5 hxg5 23. Rh7 Qd8
24. Kg2 ({RR} 24. Qd1) 24... Kb8 25. Qb2 Be8 26. Bc2 {Donner,J (2500)-Langeweg,
K (2400)/Wijk aan Zee 1971/MCL/[Kharitonov]/0-1 (44)}) (11... Nh5) 12. O-O Nxd5
$1 13. cxd5 Qxh4 14. Bb5+ Kf8 15. f4 $14 {01h14} Nf6 16. fxe5 $6 dxe5 17. Ba3
Kg8 (17... b6 $2 18. Bc6 Rb8 19. Qa4 $16 ) 18. Bxc5 Nxe4 $11 19.
Qa4 {44} Qg4 (19... Bh3 $1 20. gxh3 Qg5+ 21. Kh1 Nxc5) 20. Bb4 {24} Bf5 21.
Rae1 {8} h5 22. Be8 {3} Ng5 23. Be7 Nh3+ 24. Kh1 Nf4 25. g3 Nxd5 26. Bxf7+ Kxf7
27. Qxg4 hxg4 28. Rxf5+ Nf6 1/2-1/2